 Dungeon Crawl Stone Soup version 0.27.1-3-gb3d3a73c9e (webtiles) character file.

Game seed: 10327424467544758938

1 MisterFreud the Stinger (level 1, -2/13 HPs)
             Began as a Gnoll Venom Mage on Oct 6, 2021.
             Was a Follower of Trog.
             Slain by an orc (6 damage)
             ... on level 2 of the Dungeon.
             The game lasted 00:01:50 (332 turns).

MisterFreud the Stinger (Gnoll Venom Mage)           Turns: 332, Time: 00:01:51

Health: -2/13      AC:  2    Str:  7    XL:     1   Next: 20%
Magic:  6/6        EV: 13    Int: 14    God:    Trog [*.....]
Gold:   11         SH:  0    Dex: 12    Spells: 8/9 levels left

rFire    . . .     SeeInvis .   (no weapon)
rCold    . . .     Faith    .   (no shield)
rNeg     . . .     Spirit   .   a - +0 robe
rPois    .         Reflect  .   (no helmet)
rElec    .         Harm     .   (no cloak)
rCorr    .         Rampage  .   (no gloves)
Will     .....                  (no boots)
Stlth    ++........             (no amulet)
HPRegen  0.04/turn              (no ring)
MPRegen  0.10/turn              (no ring)

@: no status effects
A: fangs 1, strong nose, distributed training
a: Renounce Religion, Berserk


You were on level 2 of the Dungeon.
You worshipped Trog.
Trog was aware of your devotion.
You visited 1 branch of the dungeon, and saw 4 of its levels.

You collected 11 gold pieces.

Inventory:

Armour
 a - a +0 robe (worn)
Scrolls
 b - a scroll of teleportation {unknown}
Potions
 c - a potion of curing {unknown}


   Skills:
 + Level 0.0 Fighting
 + Level 0.0 Short Blades
 + Level 0.0 Long Blades
 + Level 0.0 Axes
 + Level 0.0 Maces & Flails
 + Level 0.0 Polearms
 + Level 0.0 Staves
 + Level 0.0 Slings
 + Level 0.0 Bows
 + Level 0.0 Crossbows
 + Level 0.0 Throwing
 + Level 0.0 Armour
 + Level 4.4 Dodging
 + Level 4.0 Stealth
 + Level 0.0 Shields
 + Level 0.0 Unarmed Combat
 + Level 4.8 Spellcasting
 + Level 0.0 Conjurations
 + Level 0.0 Hexes
 + Level 0.0 Summonings
 + Level 0.0 Necromancy
 + Level 0.0 Translocations
 + Level 1.9 Transmutations
 + Level 0.0 Fire Magic
 + Level 0.0 Ice Magic
 + Level 0.0 Air Magic
 + Level 0.0 Earth Magic
 + Level 5.3 Poison Magic
 + Level 0.0 Invocations
 + Level 0.0 Evocations


You had 8 spell levels left.
You knew the following spells:

 Your Spells              Type           Power      Damage    Failure   Level
a - Sting                 Tmut/Pois      52%        1d5       4%          1

Your spell library contained the following spells:

 Spells                   Type           Power      Damage    Failure   Level
 Poisonous Vapours        Pois/Air       20%        N/A       9%          2
 Olgreb's Toxic Radiance  Pois           18%        N/A       21%         4
 Mephitic Cloud           Conj/Pois/Air  8%         N/A       26%         3


Dungeon Overview and Level Annotations

Branches:
Dungeon (4/15)
 Temple: D:4-7

Altars:
Trog

Annotations:
D:3 1 transporter


Innate Abilities, Weirdness & Mutations

You have very sharp teeth.
Your uncanny sense of smell can sniff out nearby items.
Your experience applies equally to all skills.


Message History

You climb downwards.
There is a stone staircase leading up here.
Found a stone staircase leading down.
Found 16 gold pieces and 30 sling bullets.
Found a transporter.
The shadow imp shouts, "Away with thee, thou churlish half-faced scavenger!"
Something shouts, "Scamper hence, thou currish spleeny nobody!"
You hear a shout! x2
The shadow imp shouts, "Remove thy stench, thou errant beef-witted Cock-Lorel!"
There is a stone staircase leading down here.
You climb downwards.
Found an escape hatch in the floor.
There is a stone staircase leading up here.
There is a stone staircase leading up here.
Found a black potion.
c - a black potion A goblin comes into view.
It is wielding a +0 club.
The goblin shouts!
You hear an angry hiss.
A scorpion comes into view.
There is a stone staircase leading up here.
The goblin hits you with a +0 club. The scorpion closely misses you.
You climb upwards.
Level annotation: 1 transporter
There is a stone staircase leading down here.
The goblin hits you with a +0 club.
There is a stone staircase leading up here.
The goblin hits you but does no damage.
You climb upwards.
There is a stone staircase leading down here.
The orc hits you from afar with a +0 trident.
The goblin misses you.
The orc hits you from afar with a +0 trident.
You fail to use your ability.
The goblin closely misses you.
You hit the goblin.
The goblin is heavily wounded.
The orc misses you. The goblin hits you with a +0 club.
You closely miss the goblin. Your bite misses the goblin.
The goblin is heavily wounded.
The orc hits you from afar with a +0 trident.
You die...

### ### ##.. ..# ..#
##.## # ..## ...#
.###.. #..# #.#..#
#..# ##.#.#####..#
......J.....##########
##J########.....@go..#
#.....# ##########.##
#####.######## ##...##
#.##.....# #.###.#
#.##....>####o# #.#
#.##..........###.##
#.##...............#
#.##.....####'####.#
###.####.#.#.......#.#


You could see an orc and a goblin.

Vanquished Creatures
  2 rats (D:1)
2 creatures vanquished.

Notes
Turn   | Place    | Note
-------+----------+-------------------------------------------
     0 | D:1      | MisterFreud the Gnoll Venom Mage began the quest for the
                  | Orb.
     0 | D:1      | Reached XP level 1. HP: 13/13 MP: 6/6
   103 | D:1      | You fall into a shaft and drop 1 floor!
   114 | D:2      | Found a faded altar of an unknown god.
   117 | D:2      | Became a worshipper of Trog the Wrathful
   117 | D:2      | Reached * piety under Trog
   227 | D:3      | Found a transporter.
   281 | D:4      | Noticed a scorpion
   332 | D:2      | Slain by an orc

Illustrated notes

Levels and vault maps discovered:
D:1:      grunt_arrival_crossed_arrows, layout_basic,
          minmay_misc_feat_four_crosses, chequers_arboretum
D:2:      cheibrodos_old_hovel, layout_loops_cross, serial_shops,
          shop_fountains, hellmonk_ecumenical_altar_inner_sanctum,
          uniq_crazy_yiuf_cottage, uniq_sigmund
D:3:      gammafunk_wand_slinger, layout_basic
D:4:      layout_cave_pools

Action                   || total
-------------------------++-------
Melee: Unarmed           ||     2
 Cast: Sting             ||     7
Armor: Robe              ||     1
Dodge: Dodged            ||     7
